[Event "Titled Tuesday Blitz April 4 Early 2023"]
[White "Ahn, Hongjin"]
[Black "Mahdavi, Reza"]
[WhiteFideId "13201492"]
[BlackFideId "12595926"]
[WhiteElo "2182"]
[BlackElo "2357"]
[Result "1-0"]
[Round "06"]
[TimeControl "180+2"]
[Date "2023.04.04"]
[WhiteClock "0:00:06"]
[BlackClock "0:00:06"]

1. e4 c5 2. Nf3 e6 3. d4 cxd4 4. Nxd4 Nc6 5. Be3 Nf6 6. Nd2 Qc7 7. c3 a6 8. Be2 Be7 9. O-O O-O 10. h3 d5 11. exd5 Nxd5 12. Nxc6 bxc6 13. Nc4 Nxe3 14. Nxe3 Rb8 15. Qc2 e5 16. Rad1 f5 17. Rfe1 Kh8 18. Nc4 e4 19. Bf1 Be6 20. b3 Rbd8 21. Rxd8 Rxd8 22. Rd1 Rd5 23. Ne3 Rxd1 24. Qxd1 f4 25. Nc2 c5 26. Bxa6 f3 27. Bc4 Bxc4 28. bxc4 fxg2 29. Ne3 g6 30. Qd5 Qf4 31. Nxg2 Qc1+ 32. Kh2 Qxc3 33. Ne3 Qf6 34. Kg2 Qf3+ 35. Kg1 Bh4 36. Qe5+ Kg8 37. Ng4 h5 38. Qe6+ Kg7 39. Qd7+ Kh8 40. Qe8+ Kh7 41. Qd7+ Kg8 42. Qc8+ Kg7 43. Qb7+ Kf8 44. Qb8+ Ke7 45. Qe5+ Kd7 46. Qd5+ Ke8 47. Qe6+ Kf8 48. Qd6+ Kg7 49. Qc7+ Kg8 50. Qb8+ Kg7 51. Qb2+ Kh7 52. Ne5 Qxh3 53. Qb7+ Kg8 54. Qd5+ Kh8 55. Nxg6+ Kg7 56. Qxe4 Bg5 57. Ne5 Qe6 58. f4 Bf6 59. Kf2 Bxe5 60. Qxe5+ Kf7 61. Qxe6+ Kxe6 62. a4 Kd6 63. a5 Kc6 64. f5 Kb7 65. f6 Ka6 1-0


[Site "https://www.chess.com"]

[Event "Titled Tuesday Blitz April 4 Early 2023"]
[White "Zemlyanskii, Ivan"]
[Black "Sreyas Payyappat"]
[WhiteFideId "24249971"]
[BlackFideId "46674969"]
[WhiteElo "2419"]
[BlackElo "2083"]
[Result "1-0"]
[Round "06"]
[TimeControl "180+2"]
[Date "2023.04.04"]
[WhiteClock "0:02:34"]
[BlackClock "0:02:42"]

1. d4 Nf6 2. c4 c5 3. d5 e6 4. Bf4 exd5 5. cxd5 d6 6. e4 Nxe4 7. Qa4+ Nd7 8. Qxe4+ Be7 9. Bxd6 O-O 10. Bxe7 Re8 11. Bxd8 Rxe4+ 12. Be2 Ne5 13. Nc3 Nd3+ 14. Kf1 1-0


[Site "https://www.chess.com"]

[Event "Titled Tuesday Blitz April 4 Early 2023"]
[White "Oleksiyenko, Mykhaylo"]
[Black "Devaev, Alexander"]
[WhiteFideId "4152417"]
[BlackFideId "4169395"]
[WhiteElo "2551"]
[BlackElo "2204"]
[Result "0-1"]
[Round "06"]
[TimeControl "180+2"]
[Date "2023.04.04"]
[WhiteClock "0:00:01"]
[BlackClock "0:00:17"]

1. e4 c6 2. Nf3 d5 3. Nc3 Nf6 4. e5 Ne4 5. Ne2 e6 6. d3 Nc5 7. d4 Ncd7 8. h4 b6 9. h5 Ba6 10. h6 g6 11. Bg5 Be7 12. Bxe7 Qxe7 13. c3 O-O 14. Nf4 Bxf1 15. Kxf1 c5 16. Rh3 Nc6 17. Rg3 cxd4 18. cxd4 Rfc8 19. a3 Na5 20. Ng5 Nf8 21. Qd3 Rc7 22. Nh5 Rac8 23. Nf6+ Kh8 24. Kg1 Rc1+ 25. Rxc1 Rxc1+ 26. Kh2 Rc4 27. Rf3 Nc6 28. b3 Rxd4 29. Qc3 Qc7 30. Qxc6 Qxe5+ 31. g3 Qxg5 32. Qc3 Qxh6+ 33. Kg2 Qd2 34. Qc8 Qh6 35. Nd7 Kg8 36. Qe8 Qg7 37. Nf6+ Kh8 38. Rc3 h5 39. Rc8 Qxf6 40. Qxf8+ Kh7 41. Ra8 Qg7 0-1


[Site "https://www.chess.com"]

[Event "Titled Tuesday Blitz April 4 Early 2023"]
[White "Andreev, Konstantin"]
[Black "Bortnyk, Olexandr"]
[WhiteFideId "24239305"]
[BlackFideId "14120828"]
[WhiteElo "2106"]
[BlackElo "2734"]
[Result "0-1"]
[Round "06"]
[TimeControl "180+2"]
[Date "2023.04.04"]
[WhiteClock "0:00:05"]
[BlackClock "0:00:53"]

1. e4 Nf6 2. e5 Nd5 3. d4 d6 4. c4 Nb6 5. exd6 exd6 6. Nc3 Be7 7. Bd3 O-O 8. Nge2 Na6 9. a3 c6 10. Qc2 g6 11. Be3 d5 12. c5 Nc4 13. Bxc4 dxc4 14. O-O Nc7 15. Ne4 Be6 16. Bf4 Nd5 17. Bd6 b5 18. Bxe7 Qxe7 19. Nd6 Rfd8 20. Rfe1 Qh4 21. Rad1 a5 22. Ng3 a4 23. Re4 Qf6 24. Rde1 Nf4 25. Qd2 Nd3 26. R1e3 Ra7 27. Rf3 Qg7 28. Rfe3 Rad7 29. Qc3 h5 30. Ne2 Rxd6 31. cxd6 Rxd6 32. Nf4 Nxf4 33. Rxf4 c5 34. Qa5 cxd4 35. Re1 Rd5 36. h3 d3 37. Qa8+ Kh7 38. Qe8 d2 39. Rd1 Rd7 40. g4 Qe5 41. Rf3 Qe1+ 42. Kh2 Qxd1 43. Rxf7+ Rxf7 44. Qxe6 Qf3 0-1


[Site "https://www.chess.com"]

[Event "Titled Tuesday Blitz April 4 Early 2023"]
[White "Seemann, Jakub"]
[Black "Bacrot, Etienne"]
[WhiteFideId "21874697"]
[BlackFideId "605506"]
[WhiteElo "2364"]
[BlackElo "2663"]
[Result "0-1"]
[Round "06"]
[TimeControl "180+2"]
[Date "2023.04.04"]
[WhiteClock "0:00:01"]
[BlackClock "0:00:36"]

1. d4 Nf6 2. c4 c5 3. d5 b5 4. cxb5 a6 5. bxa6 g6 6. Nc3 Bg7 7. e4 O-O 8. e5 Ne8 9. h4 h5 10. Nf3 d6 11. e6 fxe6 12. dxe6 Bxe6 13. Bd3 Bf5 14. Ng5 Qd7 15. Bxf5 Qxf5 16. Qd5+ Qxd5 17. Nxd5 Nc6 18. Ne6 Rf5 19. Ne3 Re5 20. Nxg7 Nxg7 21. Bd2 Rxa6 22. Bc3 Re4 23. Kd2 Nf5 24. Nxf5 gxf5 25. f3 Rea4 26. a3 d5 27. Kc2 e5 28. Rae1 d4 29. Bd2 Kf7 30. g4 hxg4 31. fxg4 e4 32. g5 e3 33. h5 exd2 34. g6+ Kf6 35. Kxd2 Ra8 36. Reg1 Ne5 37. Kd1 R4a7 38. Re1 Ng4 39. Rh3 Nf2+ 0-1


[Site "https://www.chess.com"]

[Event "Titled Tuesday Blitz April 4 Early 2023"]
[White "Zhigalko, Sergei"]
[Black "Itgelt, Khuyagtsogt"]
[WhiteFideId "13502956"]
[BlackFideId "4902912"]
[WhiteElo "2626"]
[BlackElo "2227"]
[Result "1-0"]
[Round "06"]
[TimeControl "180+2"]
[Date "2023.04.04"]
[WhiteClock "0:00:22"]
[BlackClock "0:00:04"]

1. e4 e6 2. d4 d5 3. e5 c5 4. c3 Bd7 5. Nf3 Qb6 6. Be2 Bb5 7. Bxb5+ Qxb5 8. a4 Qa6 9. dxc5 Bxc5 10. b4 Be7 11. Na3 Nd7 12. Nb5 Qb6 13. Be3 Qd8 14. Nxa7 f6 15. Nd4 Kf7 16. exf6 Ngxf6 17. Nab5 Ne5 18. O-O Qd7 19. Re1 Nc4 20. Bf4 e5 21. Bxe5 Nxe5 22. Rxe5 Rhe8 23. Qf3 Bf8 24. Rxe8 Rxe8 25. h3 Kg8 26. Rd1 Ne4 27. Nf5 Qf7 28. Ne3 Qxf3 29. gxf3 Ng5 30. Kg2 Ne6 31. Nxd5 Rd8 32. Kf1 Nf4 33. Nf6+ gxf6 34. Rxd8 1-0


[Site "https://www.chess.com"]

[Event "Titled Tuesday Blitz April 4 Early 2023"]
[White "Belozerov, Andrei"]
[Black "Gharibyan, Mamikon"]
[WhiteFideId "4120213"]
[BlackFideId "13308300"]
[WhiteElo "2373"]
[BlackElo "2445"]
[Result "1-0"]
[Round "06"]
[TimeControl "180+2"]
[Date "2023.04.04"]
[WhiteClock "0:00:06"]
[BlackClock "0:00:04"]

1. e4 e5 2. Nf3 Nc6 3. Bb5 a6 4. Ba4 Nf6 5. O-O Be7 6. Re1 b5 7. Bb3 d6 8. c3 O-O 9. h3 Bb7 10. d3 Re8 11. Ng5 Rf8 12. Nf3 h6 13. Nbd2 Re8 14. Nf1 Bf8 15. Ng3 Na5 16. Bc2 c5 17. d4 cxd4 18. cxd4 exd4 19. Nxd4 Rc8 20. b3 d5 21. e5 Ne4 22. Nxe4 dxe4 23. Bxe4 Bxe4 24. Rxe4 Nc6 25. Bb2 Qd5 26. Qe2 Rxe5 27. Rxe5 Nxe5 28. Nf5 Nd3 29. Qg4 h5 30. Nh6+ Kh7 31. Qxc8 Bc5 32. Qf5+ Qxf5 33. Nxf5 Nxb2 34. Rc1 Bxf2+ 35. Kf1 g6 36. Rc2 Nd3 37. Nd6 Bc5 38. Nb7 Bb4 39. Rc6 a5 40. Ra6 Kh6 41. Nxa5 Nc5 42. Ra7 Ne4 43. Nc6 Bc5 44. Rxf7 b4 45. Ne5 Kg5 46. Nd3 Bd6 47. Rd7 h4 48. Ke2 Bf8 49. Ke3 Nc3 50. Kd4 Kf5 51. Kc4 Nxa2 52. Rd5+ Ke4 53. Nc5+ Ke3 54. Ne6 Be7 55. Re5+ Kf2 56. Nf4 Bd6 57. Re2+ Kg3 58. Rxa2 Kxf4 59. Kd5 Bf8 60. Re2 Kg3 61. Ke4 g5 62. Kf5 Bh6 63. Kg6 Bg7 64. Kxg7 g4 65. hxg4 Kxg4 66. Re4+ Kg3 67. Rxb4 Kxg2 68. Rxh4 1-0


[Site "https://www.chess.com"]

[Event "Titled Tuesday Blitz April 4 Early 2023"]
[White "Maksimovic, Bojan"]
[Black "Janaszak, Dawid"]
[WhiteFideId "14408120"]
[BlackFideId "1119206"]
[WhiteElo "2468"]
[BlackElo "2220"]
[Result "0-1"]
[Round "06"]
[TimeControl "180+2"]
[Date "2023.04.04"]
[WhiteClock "0:00:10"]
[BlackClock "0:01:19"]

1. Nf3 Nf6 2. g3 g6 3. Bg2 Bg7 4. O-O O-O 5. d3 c6 6. Nbd2 d5 7. e4 dxe4 8. dxe4 Na6 9. Re1 Nc5 10. e5 Nd5 11. Qe2 Bf5 12. Nc4 Qc7 13. a3 a5 14. Ne3 Be4 15. Ng4 Bf5 16. Nh6+ Bxh6 17. Bxh6 Rfe8 18. Ng5 Ne6 19. Rad1 Rad8 20. h4 Nxg5 21. Bxg5 h5 22. c3 Qb6 23. c4 Nc7 24. Rxd8 Rxd8 25. Bxe7 Rd4 26. b4 Ne6 27. c5 Qa7 28. b5 Nxc5 29. e6 Nxe6 30. Bf6 Rd7 31. Bb2 Qc5 32. bxc6 bxc6 33. Rc1 Qb5 34. Qe3 Qxb2 35. Rxc6 Rd8 36. Rc1 Qd2 37. Qc3 Qxc3 38. Rxc3 Rd3 39. Rc8+ Kg7 40. a4 Ra3 41. Bd5 Nf4 42. gxf4 Bxc8 43. Bxf7 Kxf7 44. f5 Rxa4 45. f4 Rxf4 46. Kg2 a4 47. fxg6+ Kxg6 48. Kg3 Rg4+ 49. Kf3 Rxh4 50. Ke3 Rg4 51. Kd3 h4 52. Kd2 h3 53. Ke3 h2 54. Kd2 h1=Q 55. Ke2 Qh2+ 56. Kf3 Qh3+ 57. Kf2 Rg2+ 0-1


[Site "https://www.chess.com"]

[Event "Titled Tuesday Blitz April 4 Early 2023"]
[White "Timofeev, Artyom"]
[Black "Bilan, Danila"]
[WhiteFideId "4140419"]
[BlackFideId "24161918"]
[WhiteElo "2586"]
[BlackElo "2182"]
[Result "1-0"]
[Round "06"]
[TimeControl "180+2"]
[Date "2023.04.04"]
[WhiteClock "0:01:35"]
[BlackClock "0:00:43"]

1. c4 c6 2. e4 d5 3. exd5 cxd5 4. d4 Nf6 5. Nc3 Nc6 6. Bg5 e6 7. Nf3 Be7 8. c5 Ne4 9. Bxe7 Qxe7 10. Bd3 Nxc3 11. bxc3 O-O 12. O-O b6 13. cxb6 axb6 14. Qc2 g6 15. Qe2 Ra3 16. Rfc1 Bd7 17. h4 Rfa8 18. Qd2 Qf6 19. Rcb1 Na5 20. Ne5 Be8 21. Qb2 b5 22. Qxa3 1-0


[Site "https://www.chess.com"]

[Event "Titled Tuesday Blitz April 4 Early 2023"]
[White "Real_OceanStorm"]
[Black "Berezin, Viktor"]
[BlackFideId "14107872"]
[WhiteElo "2802"]
[BlackElo "2310"]
[Result "1-0"]
[Round "06"]
[TimeControl "180+2"]
[Date "2023.04.04"]
[WhiteClock "0:00:08"]
[BlackClock "0:00:03"]

1. g3 Nf6 2. Bg2 g6 3. Nc3 Bg7 4. Nf3 O-O 5. b3 d6 6. Bb2 e5 7. d3 Nc6 8. O-O Bd7 9. Nd2 Qc8 10. Nde4 Nh5 11. Nd5 Bh3 12. Bxh3 Qxh3 13. Nxc7 Rad8 14. Nd5 h6 15. f3 Qe6 16. c4 f5 17. Nec3 f4 18. Kg2 Nd4 19. Ne4 Nf5 20. Qd2 g5 21. g4 Nh4+ 22. Kh1 Nf6 23. Nexf6+ Bxf6 24. Qa5 a6 25. Qb4 Rd7 26. Nb6 Rg7 27. Rae1 h5 28. gxh5 Qh3 29. Rf2 Nf5 30. Nd5 g4 31. h6 Nxh6 32. Qxd6 Qh4 33. Ref1 g3 34. Rg2 Nf5 35. Qe6+ Rff7 36. Qxf5 Bg5 37. Qxe5 Kh7 38. Qe4+ Kh6 39. Bxg7+ Rxg7 40. Kg1 Rf7 41. Qe6+ Kg7 42. hxg3 fxg3 43. Qe5+ Kh6 44. Qxg3 Be3+ 45. Nxe3 Qd4 46. Qg6# 1-0


[Site "https://www.chess.com"]

[Event "Titled Tuesday Blitz April 4 Early 2023"]
[White "Remizov, Yaroslav"]
[Black "Horak, Martin"]
[WhiteFideId "34134015"]
[BlackFideId "367095"]
[WhiteElo "2412"]
[BlackElo "2091"]
[Result "1/2-1/2"]
[Round "06"]
[TimeControl "180+2"]
[Date "2023.04.04"]
[WhiteClock "0:00:06"]
[BlackClock "0:00:14"]

1. e4 c5 2. Nf3 Nc6 3. Bb5 e5 4. O-O Bd6 5. c3 a6 6. Ba4 b5 7. Bc2 Nge7 8. a4 Rb8 9. axb5 axb5 10. h3 O-O 11. d4 cxd4 12. cxd4 Nxd4 13. Nxd4 exd4 14. Qxd4 Qc7 15. Bb3 Bh2+ 16. Kh1 Bf4 17. Nc3 b4 18. Ra7 Qe5 19. Qxe5 Bxe5 20. Nd5 Nxd5 21. Bxd5 d6 22. b3 Be6 23. Bxe6 fxe6 24. Be3 Rf7 25. Rc1 Bc3 26. Ra6 Rd7 27. Rd1 d5 28. Rxe6 d4 29. Bf4 Ra8 30. Rd3 Ra3 31. Rf3 Rxb3 32. Re8+ Kf7 33. Re5 Kg8 34. Re8+ Kf7 35. Re5 Kg8 36. Re8+ 1/2-1/2


[Site "https://www.chess.com"]

[Event "Titled Tuesday Blitz April 4 Early 2023"]
[White "Sharapov, Evgeny"]
[Black "Samunenkov, Ihor"]
[WhiteFideId "14103133"]
[BlackFideId "14187086"]
[WhiteElo "2367"]
[BlackElo "2457"]
[Result "0-1"]
[Round "06"]
[TimeControl "180+2"]
[Date "2023.04.04"]
[WhiteClock "0:01:12"]
[BlackClock "0:01:57"]

1. e4 c5 2. Nf3 Nc6 3. d4 cxd4 4. Nxd4 Nf6 5. Nc3 e5 6. Ndb5 d6 7. Bg5 a6 8. Na3 b5 9. Nd5 Be7 10. Bxf6 Bxf6 11. c3 Rb8 12. Nc2 Bg5 13. a4 bxa4 14. Ncb4 Nxb4 15. cxb4 O-O 16. Rxa4 a5 17. b5 Bd7 18. Nc3 d5 19. exd5 e4 20. Be2 e3 21. O-O exf2+ 22. Kh1 Be3 23. Qd3 Bb6 24. Ne4 Re8 25. Nxf2 Bxf2 26. Rxf2 Bxb5 27. Qxb5 Rxb5 28. Bxb5 Qxd5 29. Bf1 Re1 30. Kg1 g6 31. b4 axb4 32. Rxb4 Rxf1+ 0-1


[Site "https://www.chess.com"]

[Event "Titled Tuesday Blitz April 4 Early 2023"]
[White "Tifferet, Shaked"]
[Black "Hasangatin, Ramil"]
[WhiteFideId "2811529"]
[BlackFideId "4122160"]
[WhiteElo "2142"]
[BlackElo "2275"]
[Result "0-1"]
[Round "06"]
[TimeControl "180+2"]
[Date "2023.04.04"]
[WhiteClock "0:00:02"]
[BlackClock "0:00:05"]

1. d4 d6 2. e4 Nf6 3. Bd3 e5 4. c3 Nc6 5. Ne2 d5 6. exd5 Qxd5 7. O-O exd4 8. cxd4 Be7 9. Nbc3 Qd8 10. Bf4 O-O 11. Rc1 Bd6 12. d5 Ne5 13. Bb1 Ng6 14. Bxd6 cxd6 15. Qd4 a6 16. Rfe1 Bd7 17. Ng3 Rc8 18. h4 Ne5 19. h5 h6 20. Nce4 Nxe4 21. Qxe4 f5 22. Qb4 Rxc1 23. Rxc1 Bc8 24. Ne2 b5 25. Rc3 f4 26. Nxf4 Qg5 27. g3 Nc4 28. Rxc4 bxc4 29. Qxd6 Bf5 30. Bxf5 Qxf5 31. Qe6+ Qf7 32. d6 Qxe6 33. Nxe6 Rf7 34. Nc5 Kf8 35. Nxa6 Rd7 36. Nc5 Rxd6 37. Ne4 Rd5 38. g4 Rb5 39. Nd6 Rxb2 40. Nxc4 Rxa2 41. Ne3 Ke7 42. Kg2 Kf6 43. Kg3 Ke5 44. Nf5 Ra3+ 45. f3 Kf6 46. Nh4 Ra5 47. Ng6 Ra4 48. Nh4 Ra1 49. Nf5 Rg1+ 50. Kf2 Rc1 51. Kg2 Rc5 52. Nh4 Kg5 53. Ng6 Rc1 54. Kg3 Rc3 55. Kg2 Ra3 56. Kg3 Ra2 57. Ne5 Kf6 58. Ng6 Rb2 59. Nf4 Rb1 60. Ng6 Rb4 61. Nh4 Kg5 62. Ng6 Rb7 63. Nh4 Ra7 64. Nf5 Rb7 65. Nh4 Rf7 66. Ng6 Kf6 67. Nh4 Rb7 68. Ng6 Rb1 69. Nh4 Rh1 70. Ng6 Rg1+ 71. Kf2 Ra1 72. Kg3 Ke6 73. Nf4+ Ke5 74. Ng6+ Kd4 75. Nh4 Ra7 76. Nf5+ Kd3 77. Kf4 Ke2 78. Nh4 Rf7+ 79. Kg3 Ke3 80. Nf5+ Kd3 81. Kf4 Ra7 82. Kg3 Ke2 83. f4 Ra3+ 84. Kh4 Ra7 85. g5 Kf3 86. gxh6 gxh6 87. Nxh6 Kxf4 88. Ng4 Ra4 0-1


[Site "https://www.chess.com"]

[Event "Titled Tuesday Blitz April 4 Early 2023"]
[White "Papasimakopoulos, Alexandros"]
[Black "Namitbir Singh Walia"]
[WhiteFideId "4244125"]
[BlackFideId "35071068"]
[WhiteElo "2359"]
[BlackElo "2239"]
[Result "1-0"]
[Round "06"]
[TimeControl "180+2"]
[Date "2023.04.04"]
[WhiteClock "0:01:00"]
[BlackClock "0:01:43"]

1. d4 Nf6 2. c4 c5 3. d5 e6 4. Nc3 exd5 5. cxd5 d6 6. Nf3 g6 7. Bf4 Bg7 8. Qa4+ Qd7 9. Bxd6 Qxa4 10. Nxa4 Nxd5 11. e4 Nb4 12. O-O-O b6 13. a3 N4c6 14. Bb5 Bd7 15. Nc3 Nd4 16. Bc4 Nbc6 17. Nd5 O-O-O 18. Nxd4 Nxd4 19. Ba6# 1-0


[Site "https://www.chess.com"]

[Event "Titled Tuesday Blitz April 4 Early 2023"]
[White "Shvedova, Alexandra"]
[Black "Bronstein, Or"]
[WhiteFideId "54154782"]
[BlackFideId "2815770"]
[WhiteElo "2057"]
[BlackElo "2356"]
[Result "1-0"]
[Round "06"]
[TimeControl "180+2"]
[Date "2023.04.04"]
[WhiteClock "0:01:35"]
[BlackClock "0:00:42"]

1. d4 Nf6 2. c4 g6 3. Nf3 Bg7 4. g3 O-O 5. Bg2 d6 6. O-O Nbd7 7. Nc3 e5 8. dxe5 dxe5 9. e4 Re8 10. h3 c6 11. Be3 Qe7 12. Qc2 h6 13. Rad1 Nc5 14. b4 Ne6 15. Nxe5 Qxb4 16. Rb1 Qa5 17. Nd3 Ng5 18. e5 Nd7 19. f4 Ne6 20. Ne4 Bf8 21. g4 Nec5 22. Ndxc5 Bxc5 23. Bxc5 Nxc5 24. Nf6+ Kf8 25. Nxe8 Kxe8 26. f5 g5 27. e6 fxe6 28. f6 Bd7 29. Qg6+ Kd8 30. Qg8+ Kc7 31. Qxa8 h5 32. f7 hxg4 33. f8=Q 1-0


[Site "https://www.chess.com"]

[Event "Titled Tuesday Blitz April 4 Early 2023"]
[White "polandchessplayer"]
[Black "Bowden, Karl"]
[BlackFideId "400548"]
[WhiteElo "2698"]
[BlackElo "2465"]
[Result "1-0"]
[Round "06"]
[TimeControl "180+2"]
[Date "2023.04.04"]
[WhiteClock "0:01:20"]
[BlackClock "0:00:16"]

1. c4 e5 2. Nc3 Nc6 3. Nf3 d6 4. g3 g6 5. Bg2 Bg7 6. O-O Nge7 7. d3 O-O 8. a3 f5 9. Rb1 h6 10. Bd2 g5 11. b4 Ng6 12. b5 Nce7 13. Qb3 Kh8 14. Ne1 f4 15. Nc2 Rg8 16. Nd5 Nf5 17. e4 Nfh4 18. gxh4 Nxh4 19. d4 g4 20. Nxf4 exf4 21. Bxf4 Nf3+ 22. Kh1 Nxd4 23. Nxd4 Bxd4 24. Bg3 Qf6 25. Qd3 Be5 26. f4 gxf3 27. Rxf3 Qe7 28. Rbf1 Be6 29. Bxe5+ dxe5 30. Rf6 Qg7 31. Qd2 Bxc4 32. Rxh6+ Qh7 33. Rxh7+ Kxh7 34. Rf6 1-0


[Site "https://www.chess.com"]

[Event "Titled Tuesday Blitz April 4 Early 2023"]
[White "Skvortsov, Andrei"]
[Black "a-z30"]
[WhiteFideId "24108600"]
[WhiteElo "2259"]
[BlackElo "2446"]
[Result "1-0"]
[Round "06"]
[TimeControl "180+2"]
[Date "2023.04.04"]
[WhiteClock "0:02:18"]
[BlackClock "0:00:08"]

1. e4 d6 2. d4 Nf6 3. Bd3 g6 4. Qe2 Bg7 5. e5 Nd5 6. Nf3 O-O 7. O-O Nb4 8. Bc4 d5 9. Bb3 Bg4 10. c3 N4a6 11. Nbd2 c5 12. h3 Bxf3 13. Nxf3 e6 14. Bg5 Qd7 15. Qe3 Rc8 16. Bf6 cxd4 17. cxd4 Nc6 18. Nh2 Ne7 19. Ng4 Nf5 20. Qd2 h5 21. Bxg7 hxg4 22. Bf6 gxh3 23. g4 1-0


[Site "https://www.chess.com"]

[Event "Titled Tuesday Blitz April 4 Early 2023"]
[White "Salemgareev, Tagir"]
[Black "nicolasulaneobelassi"]
[WhiteFideId "24199052"]
[WhiteElo "2360"]
[BlackElo "2310"]
[Result "1-0"]
[Round "06"]
[TimeControl "180+2"]
[Date "2023.04.04"]
[WhiteClock "0:01:24"]
[BlackClock "0:00:17"]

1. d4 Nf6 2. c4 e6 3. Nf3 c5 4. d5 exd5 5. cxd5 d6 6. Nc3 g6 7. e4 Bg7 8. Bd3 O-O 9. O-O Re8 10. h3 c4 11. Bc2 Nbd7 12. Re1 Nc5 13. Bd2 Bd7 14. b4 cxb3 15. axb3 a5 16. Qb1 b5 17. b4 axb4 18. Rxa8 Qxa8 19. Qxb4 Na4 20. Nxb5 Nc5 21. Nxd6 Na6 22. Qa5 Rb8 23. Bd3 Bf8 24. Qxa6 Qxa6 25. Bxa6 Bxd6 26. e5 1-0


[Site "https://www.chess.com"]

[Event "Titled Tuesday Blitz April 4 Early 2023"]
[White "Matinian, Nikita"]
[Black "Rosenberg, Evan S"]
[WhiteFideId "24129100"]
[BlackFideId "2019299"]
[WhiteElo "2422"]
[BlackElo "2233"]
[Result "1-0"]
[Round "06"]
[TimeControl "180+2"]
[Date "2023.04.04"]
[WhiteClock "0:00:14"]
[BlackClock "0:00:02"]

1. e4 e5 2. Nf3 Nc6 3. Bb5 Nf6 4. d3 Ne7 5. Nc3 c6 6. Ba4 d6 7. d4 Qc7 8. Bg5 h6 9. Bxf6 gxf6 10. O-O Rg8 11. Kh1 Ng6 12. Nd5 Qd8 13. Ne3 Nf4 14. c4 h5 15. g3 Nh3 16. Nh4 Bh6 17. Nef5 Bg5 18. Qxh5 Bxh4 19. Qxh4 Bxf5 20. exf5 Ng5 21. f4 exf4 22. gxf4 Qa5 23. fxg5 Qxa4 24. Rae1+ Kd7 25. gxf6 Rae8 26. Rxe8 Rxe8 27. b3 Qxa2 28. Qh5 Qe2 29. Qxe2 Rxe2 30. Rg1 a5 31. Rg7 Ke8 32. Rg8+ Kd7 33. Rf8 Rb2 34. Rxf7+ Ke8 35. Rxb7 a4 36. Re7+ Kf8 37. bxa4 Rb4 38. a5 Ra4 39. Ra7 Rxc4 40. a6 Ra4 41. Kg2 c5 42. dxc5 dxc5 43. Kg3 c4 44. h4 c3 45. h5 c2 46. Rc7 Rxa6 47. Rxc2 Rxf6 48. Kg4 Kg7 49. Kg5 Rf7 50. h6+ Kh7 51. Rc6 Ra7 52. Re6 Rb7 53. Kf4 Ra7 54. Ke5 Ra5+ 55. Ke4 Ra4+ 56. Ke5 Ra5+ 57. Kf6 Kxh6 58. Ke7+ Kg5 59. f6 Ra7+ 60. Kf8 Kg6 61. f7+ Kf5 62. Rh6 Ra8+ 63. Kg7 1-0


[Site "https://www.chess.com"]

[Event "Titled Tuesday Blitz April 4 Early 2023"]
[White "Xiong, Jeffery"]
[Black "Nikologorskiy, Konstantin"]
[WhiteFideId "2047640"]
[BlackFideId "24111708"]
[WhiteElo "2726"]
[BlackElo "2293"]
[Result "1-0"]
[Round "06"]
[TimeControl "180+2"]
[Date "2023.04.04"]
[WhiteClock "0:01:09"]
[BlackClock "0:00:03"]

1. e4 c5 2. Nf3 d6 3. Nc3 Nf6 4. d4 cxd4 5. Qxd4 Nc6 6. Qd3 e6 7. Bf4 Be7 8. O-O-O e5 9. Bg5 Be6 10. Bxf6 gxf6 11. Nd5 Qa5 12. Kb1 Bxd5 13. exd5 Nb4 14. Qb3 O-O 15. Nh4 Rfc8 16. Nf5 Bf8 17. c3 Na6 18. Bxa6 bxa6 19. Qb4 Qxb4 20. cxb4 Rc4 21. a3 Rf4 22. Ne3 Rxf2 23. Rhf1 Rxf1 24. Rxf1 Kg7 25. Rc1 Kg6 26. Rc6 Kg5 27. Rxa6 f5 28. Nc4 e4 29. Kc2 f4 30. Kd2 Kf5 31. b3 h5 32. b5 Rb8 33. Rxa7 Bh6 34. Ke2 Rg8 35. Nxd6+ Ke5 36. Nxf7+ Kd4 37. Nxh6 Rxg2+ 38. Kf1 Rb2 39. Re7 Ke3 40. Nf5+ Kf3 41. Ke1 Rxh2 42. b6 Rb2 43. b7 Rb1+ 44. Kd2 e3+ 45. Nxe3 Rxb3 46. Nc4 1-0


[Site "https://www.chess.com"]

[Event "Titled Tuesday Blitz April 4 Early 2023"]
[White "Vidit, Santosh Gujrathi"]
[Black "Martic, Ivan"]
[WhiteFideId "5029465"]
[BlackFideId "929301"]
[WhiteElo "2651"]
[BlackElo "2360"]
[Result "1-0"]
[Round "06"]
[TimeControl "180+2"]
[Date "2023.04.04"]
[WhiteClock "0:00:19"]
[BlackClock "0:00:03"]

1. d4 Nf6 2. Nf3 g6 3. g3 Bg7 4. Bg2 O-O 5. c4 d6 6. O-O Nc6 7. Nc3 a6 8. d5 Na5 9. b3 c5 10. dxc6 Nxc6 11. Bg5 Bf5 12. Rc1 Rb8 13. Qd2 Re8 14. Rfd1 b5 15. Nh4 Bd7 16. c5 b4 17. Na4 d5 18. Bxf6 exf6 19. Qxd5 Re7 20. Nb6 Be8 21. Qc4 Qc7 22. Nd5 Qe5 23. Nxe7+ Qxe7 24. Rd6 Qc7 25. Bxc6 Bxc6 26. Nf3 Rc8 27. Qxb4 f5 28. Qb6 Bb7 29. Qxc7 Rxc7 30. Rd8+ Bf8 31. Ne5 Kg7 32. Rd7 Rxd7 33. Nxd7 Be7 34. c6 Bc8 35. Nb6 Ba3 36. Nxc8 Bxc1 37. Nd6 1-0


[Site "https://www.chess.com"]

[Event "Titled Tuesday Blitz April 4 Early 2023"]
[White "Ibrahimli, Murad"]
[Black "Ehlvest, Jaan"]
[WhiteFideId "13410229"]
[BlackFideId "4500016"]
[WhiteElo "2364"]
[BlackElo "2442"]
[Result "0-1"]
[Round "06"]
[TimeControl "180+2"]
[Date "2023.04.04"]
[WhiteClock "0:00:20"]
[BlackClock "0:00:20"]

1. d4 Nf6 2. c4 e6 3. Nf3 c5 4. d5 d6 5. Nc3 exd5 6. cxd5 g6 7. e4 Bg7 8. h3 O-O 9. Bd3 b5 10. Nxb5 Re8 11. Nc3 Nxe4 12. Bxe4 Bxc3+ 13. bxc3 Rxe4+ 14. Be3 Ba6 15. Qc2 Qe8 16. Nd2 Rxe3+ 17. fxe3 Qxe3+ 18. Kd1 Be2+ 19. Kc1 Bd3 20. Qb3 Nd7 21. Qb7 Rb8 22. Qxa7 Bf5 23. Qa5 Qd3 24. Kd1 Qc2+ 25. Ke1 Re8+ 26. Kf2 Qxd2+ 27. Kg3 Re2 28. Rhg1 Qg5+ 29. Kh2 Be4 0-1


[Site "https://www.chess.com"]

[Event "Titled Tuesday Blitz April 4 Early 2023"]
[White "Kollars, Dmitrij"]
[Black "Sielecki, Christof"]
[WhiteFideId "12909572"]
[BlackFideId "4620437"]
[WhiteElo "2584"]
[BlackElo "2443"]
[Result "1/2-1/2"]
[Round "06"]
[TimeControl "180+2"]
[Date "2023.04.04"]
[WhiteClock "0:00:06"]
[BlackClock "0:00:05"]

1. Nf3 d5 2. g3 c5 3. Bg2 Nc6 4. d4 Nf6 5. O-O e6 6. b3 Be7 7. Bb2 O-O 8. Nbd2 b6 9. c4 cxd4 10. Nxd4 Nxd4 11. Bxd4 Ba6 12. Rc1 Rc8 13. Re1 Bb4 14. Bc3 Bxc3 15. Rxc3 dxc4 16. Nxc4 Bxc4 17. bxc4 Rc5 18. Qa4 Qc7 19. Rec1 Rc8 20. Qb4 g6 21. e3 Kg7 22. Bf3 h5 23. h4 Nd7 24. Be2 g5 25. hxg5 Rxg5 26. Qe7 Nf6 27. Qxc7 Rxc7 28. Kf1 Ne4 29. Rd3 Rf5 30. Rd4 Nxg3+ 31. Ke1 Nxe2 32. Kxe2 Rfc5 33. a4 a6 34. Rf4 Kf8 35. Rb1 Rxc4 36. Rxb6 Rxf4 37. exf4 Rc4 38. Rxa6 Rxf4 39. a5 Ra4 40. Ra8+ Kg7 41. a6 Kf6 42. Kf3 Ke5 43. a7 f5 44. Kg2 Ra3 45. Rh8 Rxa7 46. Rxh5 Kf4 47. Rh4+ Kg5 48. Rb4 e5 49. Rc4 e4 50. Rc8 Kf4 51. Rh8 Ra2 52. Kf1 Kf3 53. Rh3+ Kg4 54. Rh8 f4 55. Rh7 Kf3 56. Rh3+ Kg4 57. Rh8 Ra1+ 58. Ke2 f3+ 59. Ke3 Re1+ 60. Kd4 Re2 61. Rg8+ Kh3 62. Ke5 Rxf2 63. Kxe4 Rg2 64. Rf8 Rf2 65. Ke3 Rg2 66. Rh8+ Kg3 67. Rg8+ Kh2 68. Rf8 Kg1 69. Rxf3 Kh2 70. Rf8 Rg3+ 71. Kf2 Rg2+ 72. Kf3 Rg3+ 73. Ke4 Kg2 74. Rc8 Rg4+ 75. Ke3 Rg3+ 76. Ke2 Rg4 77. Rc2 Kg3 78. Ke3 Rg8 79. Rc3 Re8+ 80. Kd4+ Kf4 81. Rc4 Re4+ 82. Kd5 Rxc4 83. Kxc4 1/2-1/2


[Site "https://www.chess.com"]